 Dungeon Crawl Stone Soup version 0.26.1-11-gd32895ea62 (webtiles) character file.

Game seed: 16972411762326847628

10852 vvl the Cleaver (level 12, -15/94 HPs)
             Began as a Human Berserker on June 16, 2021.
             Was an Elder of Trog.
             Demolished by an orc warrior
             ... wielding a +0 glaive
              (24 damage)
             ... on level 8 of the Dungeon.
             The game lasted 00:30:21 (12250 turns).

vvl the Cleaver (Human Berserker)                  Turns: 12250, Time: 00:30:23

Health: -15/94     AC: 17    Str: 19    XL:     12   Next: 0%
Magic:  0/12       EV:  9    Int: 11    God:    Trog [****..]
Gold:   337        SH:  7    Dex: 13    Spells: 11/11 levels left

rFire    . . .     SeeInvis .   G - +2 hand axe (vamp)
rCold    . . .     Faith    .   O - +2 buckler
rNeg     . . .     Spirit   +   M - +0 plate armour
rPois    .         Reflect  .   H - +0 helmet (curse)
rElec    .         Harm     +   T - scarf {harm}
rCorr    .         Rampage  .   F - +1 pair of gloves
Will     ++...                  (no boots)
Stlth    ..........             q - amulet of guardian spirit
HPRegen  1.25/turn              (no ring)
MPRegen  0.13/turn              (no ring)

@: lethally poisoned (-15 -> -15), berserk cooldown, regenerating, slowed, very
slow
A: no striking features
a: Renounce Religion, Berserk, Trog's Hand, Brothers in Arms


You were on level 8 of the Dungeon.
You worshipped Trog.
Trog was greatly pleased with you.
You visited 1 branch of the dungeon, and saw 10 of its levels.

You collected 521 gold pieces.
You spent 184 gold pieces at shops.

Inventory:

Hand Weapons
 E - a +2 war axe of freezing
 G - a +2 vampiric hand axe (weapon)
 L - a +5 war axe
 P - a +1 morningstar of holy wrath
Missiles
 i - 91 bolts
Armour
 F - a +1 pair of gloves (worn)
 H - a cursed +0 helmet (worn)
 I - a +1 leather armour of poison resistance
 J - a +2 leather armour of cold resistance
 M - a +0 plate armour (worn)
 O - a +2 buckler (worn)
 R - a +2 cloak
 T - a scarf of harm (worn)
Jewellery
 q - an amulet of guardian spirit (around neck)
 t - an uncursed ring of wizardry
 v - an uncursed amulet of magic regeneration {unknown}
Wands
 h - a wand of flame (4)
 r - a wand of digging (6)
 N - a wand of enslavement (9)
 Q - a wand of iceblast (9)
Scrolls
 c - 4 scrolls of teleportation
 f - 2 scrolls of blinking {unknown}
 k - a scroll of random uselessness {unknown}
 l - 3 scrolls of noise {unknown}
 m - 4 scrolls of remove curse
 o - 3 scrolls of enchant armour {unknown}
 p - 3 scrolls of magic mapping {unknown}
 w - a scroll of fear {unknown}
 x - 7 scrolls of identify {unknown}
 y - 2 scrolls of amnesia {unknown}
 C - a scroll of immolation {unknown}
 D - 2 scrolls of vulnerability {unknown}
Potions
 a - a potion of berserk rage {unknown}
 b - 5 potions of brilliance {unknown}
 d - a potion of ambrosia {unknown}
 e - 4 potions of attraction {unknown}
 g - 2 potions of lignification {unknown}
 j - 3 potions of curing {unknown}
 n - 6 potions of cancellation {unknown}
 s - 3 potions of magic {unknown}
 u - a potion of resistance {unknown}
 z - a potion of might {unknown}
 A - 2 potions of degeneration {unknown}
 B - a potion of haste {unknown}
 K - a potion of heal wounds
 S - a potion of invisibility {unknown}


   Skills:
 + Level 8.5 Fighting
 * Level 11.3 Axes
 + Level 8.0 Armour
 + Level 8.2 Dodging
 + Level 4.8 Shields


You had 11 spell levels left.
You didn't know any spells.
Your spell library contained the following spells:

 Spells                   Type           Power        Failure   Level
 Beastly Appendage        Tmut           0%           100%        1
 Magic Dart               Conj           0%           100%        1
 Searing Ray              Conj           0%           100%        2
 Wereblood                Tmut           0%           100%        2
 Dazzling Flash           Conj/Hex       0%           100%        3
 Spider Form              Tmut/Pois      0%           100%        3
 Fulminant Prism          Conj/Hex       0%           100%        4
 Ice Form                 Ice/Tmut       0%           100%        4
 Iskenderun's Mystic Bla  Conj/Tloc      0%           100%        4
 Blade Hands              Tmut           0%           100%        5


Dungeon Overview and Level Annotations

Branches:
Dungeon (10/15)            Temple (0/1) D:4            Lair (0/6) D:10
    Orc: D:9-12

Altars:
Ashenzari
Trog
Wu Jian

Shops:
D:4 *   D:7 ([(:}   D:9 :

Portals:
Abyss: D:10

Annotations:
D:7 Prince Ribbit
D:8 1 transporter, oc3rt's ghost, novice KoHu
D:10 2 transporters, oc3rt's ghost, novice DsMo


Message History

You are more poisoned.
You feel a strong urge to attack something.
You feel sick. The orc warrior barely misses you.
You feel sick.
You feel your anger nearly subside.
You are no longer berserk.
You are exhausted.
You feel yourself slow down.
You feel sick.
The orc warrior rages.
You feel sick.
The orc warrior rages.
The orc warrior hits you with a +0 glaive!!
* * * LOW HITPOINT WARNING * * *
You hear a shout!
Aiming: Enslavement
Press: ? - help, Shift-Dir - straight line, f - orc warrior
Aim: an orc warrior, wielding a +0 glaive and wearing a +0 chain mail (berserk, chance to affect: 46%)
The orc warrior resists with some effort.
You feel sick.
The orc warrior hits you with a +0 glaive!!
You die...

#.# #.###.##.###....##.#.#####
#.# #.# #.##........##.#.# #
#.###.###.##.............#####
#.........###...#.#########...
#####.#........##.# #.##
##...#####...#.# #.##
#..###.©.###..'## #.## ##.##
#.....##...## #.## #..#####.
#@##....## #.##
##.##.#≈#.###o##....## ##.##
##..#..##...≈#Wo#.....####...#
#..©#....._.#oo©#©....'.......
#...#...#...y...#.....####..#.
#.#.##.##≈#....##....## ##...
#....#.####T...#....## ##.#
#.##.###..#...##...## #.#
#.##..###...###..'###### #.#


You could see 3 orc warriors and oc3rt's ghost.

Vanquished Creatures
  Erolcha (D:9)
  Erica (D:8)
  3 two-headed ogres (D:9)
  An unseen horror (D:10)
  Pikel (D:5)
  An elephant (D:9)
  Joseph (D:7)
  Maggie (D:6)
  2 trolls
  6 yaks (D:9)
  A wyvern (D:10)
  Grum (D:9)
  A basilisk (D:10)
  Menkaure (D:4)
  A water moccasin (D:7)
  3 orc warriors
  A black bear (D:10)
  2 sky beasts
  2 ogres
  A necrophage (D:9)
  2 phantoms
  2 wolves (D:9)
  A centaur (D:5)
  A lemure (D:5)
  A bullfrog (D:10)
  A wyvern skeleton (D:7)
  3 scorpions
  3 killer bees (D:7)
  6 wights
  3 howler monkeys
  6 hounds
  A quasit (D:10)
  2 orc priests
  2 centaur skeletons (D:10)
  2 iguanas
  Natasha (thrice) (D:4)
  8 orc wizards
  11 worker ants
  A hound zombie (D:9)
  A howler monkey zombie (D:7)
  7 adders
  4 gnolls (D:3)
  2 shadow imps
  2 white imps
  An adder zombie (D:9)
  4 adder skeletons
  2 worms
  3 dart slugs
  4 leopard geckos
  40 orcs
  A ball python (D:4)
  4 bats
  5 giant cockroaches
  8 goblins
  8 hobgoblins
  2 jackals (D:6)
  6 quokkas
  8 frilled lizards
  8 kobolds
  A quokka zombie (D:8)
  2 rats
214 creatures vanquished.

Vanquished Creatures (others)
  Maurice (D:8)
  A fungus (D:10)
2 creatures vanquished.

Grand Total: 216 creatures vanquished

Notes
Turn   | Place    | Note
-------+----------+-------------------------------------------
     0 | D:1      | vvl the Human Berserker began the quest for the Orb.
     0 | D:1      | Reached XP level 1. HP: 18/18 MP: 1/1
   174 | D:1      | Reached XP level 2. HP: 15/24 MP: 2/2
   663 | D:1      | Reached XP level 3. HP: 29/29 MP: 3/3
  1462 | D:2      | Reached ** piety under Trog
  1535 | D:2      | Reached XP level 4. HP: 24/35 MP: 4/4
  2082 | D:3      | Reached skill level 4 in Axes
  2110 | D:3      | Reached XP level 5. HP: 9/41 MP: 5/5
  2868 | D:4      | Reached XP level 6. HP: 48/48 MP: 6/6
  2878 | D:4      | Noticed Menkaure
  2886 | D:4      | Killed Menkaure
  2887 | D:4      | Reached skill level 5 in Axes
  3166 | D:4      | Found a staircase to the Ecumenical Temple.
  3336 | D:4      | Reached XP level 7. HP: 54/54 MP: 7/7
  3337 | D:4      | Noticed Natasha
  3342 | D:4      | Killed Natasha
  3419 | D:4      | Noticed Natasha
  3423 | D:4      | Killed Natasha
  3809 | D:4      | Found Dukhlin's Assorted Antiques.
  3891 | D:4      | Noticed Natasha
  3897 | D:4      | Killed Natasha
  4132 | D:4      | Bought a scroll labelled WUALOASEMUA for 27 gold pieces
  4132 | D:4      | Bought a scroll labelled ATWURE JEZIFA for 27 gold pieces
  4178 | D:5      | Entered Level 5 of the Dungeon
  4178 | D:5      | Found a broken altar of Ashenzari.
  4201 | D:5      | Reached skill level 6 in Axes
  4215 | D:5      | Reached XP level 8. HP: 61/61 MP: 8/8
  4217 | D:5      | Noticed Pikel
  4263 | D:5      | Killed Pikel
  4264 | D:5      | Reached skill level 5 in Fighting
  4662 | D:5      | Reached skill level 7 in Axes
  5406 | D:4      | Reached skill level 5 in Armour
  5406 | D:4      | Reached XP level 9. HP: 65/68 MP: 9/9
  5427 | D:6      | Reached *** piety under Trog
  5428 | D:6      | Reached skill level 5 in Dodging
  5525 | D:6      | HP: 5/102 [orc warrior/cursed -1 glaive (13)]
  5996 | D:6      | Found an ornate altar of the Wu Jian Council.
  6280 | D:6      | Noticed Maggie
  6293 | D:6      | Killed Maggie
  6294 | D:6      | Reached skill level 8 in Axes
  6625 | D:7      | Found Laosuuk's Gadget Emporium.
  6628 | D:7      | Noticed Joseph
  6651 | D:7      | Killed Joseph
  6718 | D:7      | Noticed Prince Ribbit
  6838 | D:7      | Found Faajo's Book Shoppe.
  7210 | D:7      | Reached XP level 10. HP: 63/77 MP: 6/10
  7331 | D:7      | Found Wiqulun's Antique Weapon Shoppe.
  7339 | D:7      | Bought a runed war axe for 130 gold pieces
  7364 | D:7      | Found Zueleal's Antique Armour Boutique.
  7411 | D:7      | Reached skill level 9 in Axes
  7468 | D:7      | Found Bets's Antique Weapon Emporium.
  8142 | D:8      | Noticed Maurice
  8167 | D:8      | Killed Maurice
  8168 | D:8      | Reached skill level 1 in Shields
  8191 | D:8      | Noticed a moth of wrath
  8202 | D:8      | Found a transporter.
  8242 | D:8      | Noticed oc3rt's ghost (novice KoHu)
  8246 | D:8      | Found a transporter.
  8253 | D:8      | Found a bloodstained altar of Trog.
  8270 | D:8      | Noticed Erica
  8297 | D:8      | Killed Erica
  8761 | D:9      | Noticed a two-headed ogre
  8819 | D:9      | Killed a two-headed ogre
  8819 | D:9      | Reached **** piety under Trog
  8820 | D:9      | Reached skill level 10 in Axes
  8820 | D:9      | Reached XP level 11. HP: 14/84 MP: 2/11
  9571 | D:9      | Noticed Erolcha
  9575 | D:9      | Noticed a two-headed ogre
  9587 | D:9      | Killed a two-headed ogre
  9592 | D:9      | Killed Erolcha
  9622 | D:9      | Found Sastiev's Book Shop.
  9639 | D:9      | Noticed Grum
  9706 | D:9      | Killed Grum
 10401 | D:9      | Noticed a two-headed ogre
 10420 | D:9      | Killed a two-headed ogre
 10635 | D:10     | Entered Level 10 of the Dungeon
 10674 | D:10     | Reached skill level 11 in Axes
 10743 | D:10     | Noticed an elephant
 10775 | D:9      | Killed an elephant
 10995 | D:10     | Killed an unseen horror
 11201 | D:10     | Noticed a toenail golem
 11206 | D:10     | Noticed a hell hog
 11211 | D:10     | Found a transporter.
 11228 | D:10     | Found a transporter.
 11239 | D:10     | Identified the +11 dire flail of Lotetorph {distort, *Rage
                  | rN+ Dex+3}
 11239 | D:10     | Noticed a skeletal warrior
 11241 | D:10     | Noticed oc3rt's ghost (novice DsMo)
 11264 | D:10     | Found a one-way gate to the infinite horrors of the Abyss.
 11264 | D:10     | Noticed a brown very ugly thing
 11275 | D:10     | Noticed a thrashing horror
 11702 | D:10     | Reached XP level 12. HP: 93/94 MP: 12/12
 11706 | D:10     | Found a staircase to the Lair.
 12250 | D:8      | Demolished by an orc warrior

Illustrated notes

Levels and vault maps discovered:
D:1:      saegor_arrival_simple_d, layout_loops_corners, patterned_corridor
D:2:      layout_basic
D:3:      minmay_general_purpose_star, layout_rooms
D:4:      layout_loops_ring, minmay_temple_entry_stoned_glass, kennysheep_donut,
          kennysheep_windowed_goal, uniq_natasha, uniq_menkaure
D:5:      layout_basic, evilmike_ruin_ashenzari, uniq_pikel
D:6:      layout_basic, nzn_wu_jian_council_hall, minivault_25, uniq_maggie
D:7:      layout_loops_ring, serial_shops, nicolae_shop_stone, shop,
          nicolae_shop_temple_entry_statues_fountains, kennysheep_little_box,
          nicolae_shop_trees, uniq_prince_ribbit1, uniq_joseph
D:8:      layout_loops_corners, gammafunk_ghost_wrathful_warriors, uniq_maurice,
          uniq_erica
D:9:      layout_basic, serial_shops, shop, uniq_erolcha, uniq_grum
D:10:     layout_basic, david_lair_generic, gammafunk_ghost_abyssal_escape

Skill      XL: |  1  2  3  4  5  6  7  8  9 10 11 |
---------------+----------------------------------+-----
Axes           | 4 5 6 7 8 10 11 | 11.3
Dodging        | 3 4 6 7 8 |  8.2
Armour         | 3 4 5 6 7 8 |  8.0
Fighting       | 4 5 6 7 8 |  8.5
Shields        | 3 4 |  4.8

Action                   |  1- 3 |  4- 6 |  7- 9 | 10-12 || total
-------------------------+-------+-------+-------+-------++-------
Melee: Hand axe          |   100 |       |   146 |   585 ||   831
       Dagger            |    15 |   173 |       |       ||   188
       Morningstar       |       |    17 |    99 |       ||   116
       War axe           |       |       |    74 |       ||    74
Invok: Trog's Hand       |       |     3 |     4 |     6 ||    13
       Berserk           |       |     3 |     4 |     7 ||    14
Evoke: Wand              |       |       |       |     2 ||     2
  Use: Scroll            |       |     1 |       |       ||     1
       Potion            |       |       |     1 |       ||     1
Armor: Scale mail        |    44 |    70 |    50 |       ||   164
       Chain mail        |       |       |    29 |       ||    29
       Plate armour      |       |       |    94 |   370 ||   464
Dodge: Dodged            |    49 |    89 |   142 |   166 ||   446
Block: Buckler           |       |       |       |   165 ||   165
